 Dungeon Sprint DCSS version 0.29-a0-1006-g0dd7720b37 (webtiles) character file.

Game seed: 14518171855501277889

1433 Conn the Arsonist (level 8, -18/47 HPs)
             Began as an Octopode Fire Elementalist on Aug 6, 2022.
             Killed by an exploding hornet (30 damage)
             ... ignited by their inner flame
             ... in the Dungeon (Sprint II: "The Violet Keep of Menkaure").
             The game lasted 00:09:22 (515 turns).

Conn the Arsonist (Octopode Fire Elementalist)       Turns: 515, Time: 00:09:23

Health: -18/47     AC:  1    Str:  8    XL:     8   Next: 73%
Magic:  4/20       EV: 15    Int: 19    God:
Gold:   11         SH:  0    Dex: 12    Spells: 4/23 levels left

rFire   . . .      SeeInvis .     - Unarmed
rCold   . . .      Faith    .   (no shield)
rNeg    . . .      Spirit   .   (helmet restricted)
rPois   .          Reflect  .   (no amulet)
rElec   .          Harm     .   (no ring)
rCorr   .          Rampage  .   (no ring)
Will    .....      NoTele   +   (no ring)
Stlth   +++++.....              (no ring)
HPRegen 0.15/turn               (no ring)
MPRegen 0.17/turn               (no ring)
                                (no ring)
                                (no ring)

@: unable to read
A: almost no armour, amphibious, 8 rings, camouflage 1, gelatinous body 1,
(nimble swimmer 1), tentacles, screaming 1, no potion heal 1, inability to read
while threatened 1
a: no special abilities


You were in the Dungeon.
You visited 1 branch You collected 729 gold pieces.
You spent 718 gold pieces at shops.

Inventory:

Scrolls
 f - a scroll of blinking
Potions
 a - 3 potions of magic
 b - a potion of curing
 c - a potion of heal wounds
 d - 2 potions of lignification


   Skills:
 + Level 0.8 Fighting
 + Level 7.2 Dodging
 + Level 8.3 Stealth
 + Level 4.7 Unarmed Combat
 + Level 8.3 Spellcasting
 + Level 3.1 Conjurations
 + Level 13.2 Fire Magic


You had 4 spell levels left.
You knew the following spells:

 Your Spells              Type           Power      Damage    Failure   Level
a - Foxfire               Conj/Fire      100%       2x1d9     1%          1
b - Conjure Flame         Conj/Fire      39%        6-21      1%          3
c - Inner Flame           Hex/Fire       33%        N/A       1%          3
d - Flame Wave            Conj/Fire      39%        2d11      3%          4
e - Scorch                Fire           100%       2d10      1%          2
f - Call Imp              Summ           7%         N/A       13%         2
g - Mephitic Cloud        Conj/Pois/Air  11%        N/A       17%         3
h - Magic Dart            Conj           76%        1d6       2%          1

Your spell library contained the following spells:

 Spells                   Type           Power      Damage    Failure   Level


Dungeon Overview and Level Annotations

Branches:
Dungeon (1/1)

Altars:
Cheibriados
Dithmenos
Elyvilon
Fedhas
Gozag
Hepliaklqana
Kikubaaqudgha
Makhleb
Nemelex Xobeh
Okawaru
Qazlal
Ru
Sif Muna
Trog
Uskayaw
Vehumet
Wu Jian
Xom
Yredelemnul
Zin
The Shining One
Jiyva
Lugonu

Shops:
D [:(!!?([[=?![:=

Annotations:
D exclusion: oklob plant, Roxanne


Innate Abilities, Weirdness & Mutations

You cannot wear most types of armour.
You are amphibious.
You can wear up to eight rings at the same time.
Your skin changes colour to match your surroundings (Stealth+).
Your rubbery body absorbs attacks. (AC +1, EV +1)
((You are camouflaged when in or above water. (Stealth+)))
You have tentacles for arms and can constrict up to eight enemies at once.
You occasionally shout uncontrollably at your foes.
Potions are less effective at restoring your health.
You occasionally lose the ability to read scrolls when taking damage.


Message History

The yaktaur struggles to resist.
The hornet stings you!
You feel threatened and lose the ability to read scrolls!
* * * LOW HITPOINT WARNING * * *
You are poisoned.
You feel as though you will be slow longer.
The hornet stings the polar bear.
The polar bear seems to slow down.
Unknown command.
Unknown command.
Unknown command.
Your system partially rejects the healing.
You feel much better.
You feel yourself speed up.
You feel very sick.
The hornet stings the polar bear!
The polar bear seems to slow down.
The polar bear bites the hornet but does no damage.
The polar bear claws the hornet but does no damage.
The polar bear claws the hornet.
Flame seeps out of the hornet.
The polar bear growls angrily.
You feel sick.
The hornet seems less confused.
The hornet is engulfed in blazing flames.
Flame seeps out of the hornet.
The hornet stings you!
* * * LOW HITPOINT WARNING * * *
You are lethally poisoned!
You feel yourself slow down.
Unknown command.
Your system partially rejects the healing.
You feel better.
You feel yourself speed up.
The polar bear seems less confused.
The polar bear is no longer moving slowly.
The hornet barely misses you.
The polar bear bites the hornet.
Flame seeps out of the hornet.
The polar bear misses the hornet.
The polar bear claws the hornet.
Flame seeps out of the hornet.
The hornet is engulfed in blazing flames.
The hornet explodes!
The fiery explosion engulfs the polar bear!!
The polar bear is severely wounded.
The fiery explosion engulfs you!!
Ouch! That really hurt!
You die...

'## .##..# +..# .# [(?
.##.B.#..# #..# .#▓?![?
<.+# +..### ..##.#▓!((?
†##$B.#....###.h.##▓▓▓▓▓
'# .##......~~h~~~~~~~~
#.####~~.....~#c########
##.#~~~§~§~..~#°h§.._._#
#.##~~~~~~§~§~#§○§._._.#
'##~~§§≈§§§§~~#.@§_._._#
~~~~~~~≈≈≈§§~§#.._._._.#
#+++#~§≈≈§§≈≈~#._._._._#
~.~ ##§≈≈###≈≈#_._._._.#
~..~.##≈≈# #≈≈#._._._..#
8§§.~.+≈§# #≈§#.._._._.#
~~§..##§≈≈≈≈§≈##########
~§~.## #######~~~~~~~~~
+####


You could see 3 polar bears and a yaktaur.

Vanquished Creatures
  A merfolk siren (D)
  A hornet (D)
  2 wyverns (D)
  4 neqoxecs (D)
  Menkaure (D)
  A vampire mosquito (D)
  A water moccasin (D)
11 creatures vanquished.

Vanquished Creatures (others)
  13 foxfires (D)
13 creatures vanquished.

Grand Total: 24 creatures vanquished

Notes
Turn   | Place    | Note
-------+----------+-------------------------------------------
     0 | D        | Conn the Octopode Fire Elementalist began the quest for the
                  | Orb.
     0 | D        | Reached XP level 1. HP: 11/11 MP: 3/3
     1 | D        | Noticed a neqoxec
     1 | D        | Noticed a neqoxec
     1 | D        | Noticed a neqoxec
     1 | D        | Noticed a neqoxec
     9 | D        | Killed a neqoxec
    10 | D        | Reached skill level 7 in Fire Magic
    10 | D        | Reached XP level 2. HP: 17/17 MP: 2/7
    10 | D        | Reached XP level 3. HP: 21/21 MP: 2/8
    10 | D        | Reached XP level 4. HP: 27/27 MP: 2/10
    10 | D        | Reached XP level 5. HP: 31/31 MP: 2/11
    10 | D        | Gained mutation: Potions are less effective at restoring
                  | your health. [a neqoxec]
    14 | D        | Killed a neqoxec
    15 | D        | Reached skill level 5 in Stealth
    15 | D        | Reached skill level 1 in Unarmed Combat
    15 | D        | Reached skill level 5 in Spellcasting
    15 | D        | Reached skill level 9 in Fire Magic
    15 | D        | Reached XP level 6. HP: 36/36 MP: 2/14
    20 | D        | Gained mutation: You have hidden genetic defects. [a
                  | neqoxec]
    22 | D        | Killed a neqoxec
    23 | D        | Reached skill level 5 in Dodging
    23 | D        | Reached skill level 10 in Fire Magic
    26 | D        | Killed a neqoxec
    27 | D        | Reached skill level 11 in Fire Magic
    27 | D        | Reached XP level 7. HP: 28/41 MP: 3/16
    27 | D        | Gained mutation: You occasionally lose the ability to read
                  | scrolls when taking damage. [hidden defects]
    38 | D        | Found Moruot's Jewellery Shop.
    38 | D        | Found Dygoacs's Jewellery Shop.
    38 | D        | Found Qeuxos's Antique Armour Boutique.
    38 | D        | Found Ehuit's Distillery.
    38 | D        | Found Ehueng's Book Boutique.
    38 | D        | Found Buleamewk's Magic Scroll Shop.
    38 | D        | Found Zifah's Antique Armour Boutique.
    40 | D        | Found Xoras's Antique Armour Shop.
    40 | D        | Found Syonir's Antique Weapon Boutique.
    40 | D        | Found Huosines's Magic Scroll Boutique.
    50 | D        | HP: 2/41 [poisoned by a water moccasin]
    53 | D        | Found Lolegur's Distillery.
    54 | D        | Found Hufofi's Distillery.
    54 | D        | Found Zab Cang's Weapon Shop.
    54 | D        | Noticed Menkaure
    54 | D        | Noticed an oklob plant
    55 | D        | Found Joorulet's Book Shoppe.
    55 | D        | Found Suubol's Antique Armour Boutique.
    60 | D        | Noticed a death yak
    96 | D        | Learned a level 2 spell: Scorch
   100 | D        | Learned a level 3 spell: Conjure Flame
   104 | D        | Learned a level 3 spell: Inner Flame
   109 | D        | Learned a level 4 spell: Flame Wave
   344 | D        | Noticed a merfolk siren
   348 | D        | Killed a merfolk siren
   349 | D        | Reached skill level 12 in Fire Magic
   349 | D        | Reached XP level 8. HP: 47/47 MP: 10/19
   360 | D        | Gained mutation: You occasionally shout uncontrollably at
                  | your foes. [hidden defects]
   360 | D        | Lost mutation: You have hidden genetic defects. [hidden
                  | defects expressed]
   361 | D        | Noticed a boulder beetle
   361 | D        | Noticed a boulder beetle
   364 | D        | Noticed a wyvern
   364 | D        | Noticed a wyvern
   368 | D        | Killed a wyvern
   369 | D        | Killed a wyvern
   376 | D        | Noticed Roxanne
   388 | D        | Reached skill level 13 in Fire Magic
   401 | D        | Killed Menkaure
   424 | D        | Bought a scroll of acquirement for 520 gold pieces
   425 | D        | Acquired a book of Minor Magic
   430 | D        | Learned a level 2 spell: Call Imp
   434 | D        | Learned a level 3 spell: Mephitic Cloud
   436 | D        | Learned a level 1 spell: Magic Dart
   452 | D        | Bought 2 potions of lignification for 72 gold pieces
   452 | D        | Bought a potion of heal wounds for 60 gold pieces
   452 | D        | Bought a potion of curing for 36 gold pieces
   461 | D        | Bought a potion of curing for 30 gold pieces
   495 | D        | Found a snail-covered altar of Cheibriados.
   496 | D        | Found a shadowy altar of Dithmenos.
   496 | D        | Found a viscous altar of Jiyva.
   497 | D        | Found a white marble altar of Elyvilon.
   497 | D        | Found an ancient bone altar of Kikubaaqudgha.
   498 | D        | Found a blossoming altar of Fedhas.
   498 | D        | Found a corrupted altar of Lugonu.
   498 | D        | Found a shimmering blue altar of Sif Muna.
   499 | D        | Found an opulent altar of Gozag.
   499 | D        | Found a burning altar of Makhleb.
   499 | D        | Found a bloodstained altar of Trog.
   500 | D        | Found a sparkling altar of Nemelex Xobeh.
   500 | D        | Found a hide-covered altar of Uskayaw.
   501 | D        | Found a basalt altar of Yredelemnul.
   502 | D        | Found an iron altar of Okawaru.
   502 | D        | Found a radiant altar of Vehumet.
   502 | D        | Found a glowing silver altar of Zin.
   502 | D        | Found a hazy altar of Hepliaklqana.
   502 | D        | Found a sacrificial altar of Ru.
   502 | D        | Found a shimmering altar of Xom.
   502 | D        | Noticed a hornet
   502 | D        | Noticed a polar bear
   502 | D        | Noticed a polar bear
   503 | D        | Noticed a polar bear
   505 | D        | Noticed a yaktaur
   508 | D        | Found a stormy altar of Qazlal.
   508 | D        | Found an ornate altar of the Wu Jian Council.
   508 | D        | Found a glowing golden altar of the Shining One.
   515 | D        | Killed a hornet
   515 | D        | Killed by an exploding hornet... ignited by their inner
                  | flame

Illustrated notes

Levels and vault maps discovered:
D:        the_violet_keep_of_menkaure [sprint2_stairs_cluster_1,
          sprint2_shoproom, sprint2_temple, sprint2_basic_supplies,
          sprint2_obstacle_6, sprint2_obstacle_7, sprint2_obstacle_5,
          sprint2_obstacle_2, sprint2_obstacle_4, sprint2_timed_cluster_1,
          sprint2_smallroom_cluster_1, sprint2_smallroom_final_cluster_1,
          sprint2_transparent_cluster_1, sprint2_second_timed_cluster_1,
          sprint2_sniper_area_1, sprint2_heavy_combat_area_1,
          sprint2_mutation_trap_area_1, sprint2_forest_area_1,
          sprint2_light_combat_area_1, sprint2_behind_water_1,
          sprint2_near_end_vault_1]

Skill      XL: |  1  2  3  4  5  6  7  8 |
---------------+-------------------------+-----
Dodging        | 3 4 5 6 7 |  7.2
Stealth        | 4 5 6 7 8 |  8.3
Spellcasting   | 4 5 6 7 8 |  8.3
Fire Magic     | 7 9 11 12 13 | 13.2
Unarmed Combat | 1 2 3 4 |  4.7
Conjurations   | 2 3 |  3.1
Fighting       | |  0.8

Action                   |  1- 3 |  4- 6 |  7- 9 || total
-------------------------+-------+-------+-------++-------
Melee: Unarmed           |     4 |    14 |       ||    18
       Tentacles         |     2 |     6 |       ||     8
       Constrict         |     2 |     3 |       ||     5
 Cast: Foxfire           |     1 |       |     8 ||     9
       Scorch            |       |       |     9 ||     9
       Mephitic Cloud    |       |       |     3 ||     3
       Inner Flame       |       |       |     2 ||     2
       Flame Wave        |       |       |     1 ||     1
  Use: Potion            |     2 |       |     3 ||     5
       Scroll            |       |       |     1 ||     1
Dodge: Dodged            |     1 |     3 |    12 ||    16

Table legend: (Time is in decaauts)
 A = Elapsed time spent in this place.
 B = Non-inter-level travel time spent in this place.
 C = Inter-level travel time spent in this place.
 D = Time resting spent in this place.
 E = Time spent auto-exploring this place.
 F = Levels seen in this place.
 G = Mean time per level.
                   A        B        C        D        E       F      G
               +--------+--------+--------+--------+--------+-----+--------+
         Total |    512 |    512 |      0 |    236 |      0 |   1 |  512.0 |
       Dungeon |    512 |    512 |      0 |    236 |      0 |   1 |  512.0 |
               +--------+--------+--------+--------+--------+-----+--------+

Top non-repeatable levels by time:
       D: 512 daAuts
